 Dungeon Crawl Stone Soup version 0.31-a0-219-g8d62b2e7bb (webtiles) character file.

Game seed: 14420155553588007924

172 qw the Shooter (level 5, -19/45 HPs)
             Began as a Minotaur Hexslinger on July 3, 2023.
             Was an Initiate of Okawaru.
             Demolished by an ogre
             ... wielding a +0 giant club
              (21 damage)
             ... on level 4 of the Dungeon.
             The game lasted 00:01:08 (3218 turns).

qw the Shooter (Minotaur Hexslinger)                Turns: 3218, Time: 00:01:08

Health: -19/45     AC:  5    Str: 10 (12) XL:     5   Next: 27%
Magic:  5/5        EV: 11    Int: 10      God:    Okawaru [......]
Gold:   71         SH:  0    Dex: 19 (21) Spells: 5/6 levels left

rFire   . . .        Y - +1 sling
rCold   . . .        (no shield)
rNeg    . . .        i - +0 ring mail
rPois   .            (helmet restricted)
rElec   .            (no cloak)
rCorr   +            (no gloves)
SInv    .            (no boots)
Will    .....        (no amulet)
Stlth   +            e - +6 ring of dexterity
HPRegen 0.27/turn    n - ring of resist corrosion
MPRegen 0.09/turn

%: no passive effects
@: about to teleport
A: horns 2, retaliatory headbutt
a: Renounce Religion


You were on level 4 of the Dungeon.
You worshipped Okawaru.
Okawaru was noncommittal.
You visited 1 branch of the dungeon, and saw 4 of its levels.

You collected 181 gold pieces.
You spent 110 gold pieces at shops.


Innate Abilities, Weirdness & Mutations

You have a pair of horns on your head.
You reflexively headbutt those who attack you in melee.


   Skills:
 - Level 3.0 Fighting
 + Level 5.3 Ranged Weapons
 - Level 1.0 Armour
 - Level 2.1 Dodging
 - Level 1.0 Spellcasting
 - Level 2.0 Hexes


You had 5 spell levels left.
You knew the following spells:

 Your Spells              Type           Power      Damage    Failure   Level
a - Slow                  Hex            16%        N/A       36%         1

Your spell library contained the following spells:

 Spells                   Type           Power      Damage    Failure   Level
 Inner Flame              Hex/Fire       2%         N/A       86%         3
 Portal Projectile        Hex/Tloc       4%         N/A       86%         3
 Cause Fear               Hex            2%         N/A       98%         4

Inventory:

Hand Weapons
 Y - a +1 sling (weapon)
Armour
 i - a +0 ring mail (worn)
Jewellery
 e - a +6 ring of dexterity (left hand)
 n - a ring of resist corrosion (right hand)
Scrolls
 c - a scroll of enchant armour
 l - a scroll of identify
Potions
 a - 4 potions of curing
 d - a potion of resistance {unknown}
 h - 2 potions of might
 j - a potion of berserk rage {unknown}
 k - 2 potions of enlightenment
 m - a potion of haste {unknown}

Dungeon Overview and Level Annotations

Branches:
Dungeon (4/15)
 Temple: D:4-7

Altars:
Elyvilon
Kikubaaqudgha
Okawaru
Wu Jian

Shops:
D:1 :*   D:3 *

Annotations:
D:3 exclusion: gnoll


Message History

The hound bites you but does no damage. The hound completely misses you.
You shoot a sling bullet.
The sling bullet closely misses the hound.
The hound bites you but does no damage. The hound barely misses you.
You shoot a sling bullet. The sling bullet hits the hound!
The hound is severely wounded.
The hound bites you. x2
You shoot a sling bullet.
The sling bullet barely misses the hound.
The hound closely misses you. The hound bites you.
You shoot a sling bullet. The sling bullet hits the hound.
The hound is almost dead.
The hound bites you. The hound bites you but does no damage.
You shoot a sling bullet. The sling bullet misses the hound.
The hound bites you. The hound closely misses you.
You shoot a sling bullet. The sling bullet hits the hound.
You kill the hound!
Okawaru accepts your kill.
You feel your strength returning.
You start resting.
HP restored.
There is an open door here.
As you open the door, it creaks loudly!
A ball python and an ogre come into view.
The ogre shouts!
The ball python hisses angrily.
Found a scroll of identify.
Enter note:
Enter note: You shoot a sling bullet.
The sling bullet hits the ogre but does no damage.
The ogre hits you with a +0 giant club!
You shoot a sling bullet. The sling bullet hits the ogre.
The ogre is moderately wounded.
The ogre hits you with a +0 giant club!!
Ouch! That really hurt!
3218 ||| READING scroll of teleportation.
As you read the scroll of teleportation, it crumbles to dust.
You feel strangely unstable.
The ogre hits you with a +0 giant club!!
You die...

#.......###.#### #.
#...%...##.....#.###.
#.......#.)###.#.....
##.....##.## #.######
##...##..# #..?....
#######'##..##
#####...
...........## #.#.
...........# #.##
.......@...# #...
#######O#### ##.. .S.
#..< ..... ####.#.
....... #....#.
#.......# ###.#####
#...?...#####...#
##.....###....#####
#>.###....###


You could see an ogre and a ball python.

Vanquished Creatures
  A hound (D:4)
  4 gnolls (D:3)
  An adder (D:4)
  4 worms
  4 orcs (D:4)
  5 ball pythons
  11 endoplasms
  A giant cockroach (D:1)
  11 goblins
  6 hobgoblins
  2 jackals (D:2)
  3 quokkas
  A bat (D:1)
  5 frilled lizards
  8 kobolds
  9 rats
76 creatures vanquished.

Notes
Turn   | Place    | Note
-------+----------+-------------------------------------------
     0 | D:1      | qw the Minotaur Hexslinger began the quest for the Orb.
     0 | D:1      | Reached XP level 1. HP: 16/16 MP: 1/1
     0 | D:1      | 0 ||| qw: Version: 0.3-a-40-ge99b1a8
     0 | D:1      | 0 ||| qw: Game counter: 446
     0 | D:1      | 0 ||| qw: Melee chars always use a shield: true
     0 | D:1      | 0 ||| qw: God list: Okawaru
     0 | D:1      | 0 ||| qw: Allow faded altars: false
     0 | D:1      | 0 ||| qw: Do Orc after clearing Dungeon:15 true
     0 | D:1      | 0 ||| qw: Do second Lair branch before Depths: true
     0 | D:1      | 0 ||| qw: Lair rune preference: random
     0 | D:1      | 0 ||| qw: Goals: Normal
     0 | D:1      | 0 ||| PLANNING D:1-11
    99 | D:1      | Reached skill level 3 in Ranged Weapons
   103 | D:1      | Reached XP level 2. HP: 23/23 MP: 2/2
   518 | D:1      | Found Kucosyach's Assorted Antiques.
   530 | D:1      | 530 ||| BUYING black potion (21 gold).
   530 | D:1      | Bought a black potion for 21 gold pieces
   530 | D:1      | 530 ||| SHOPLISTING dented platinum amulet (120 gold, have
                  | 14).
   530 | D:1      | 530 ||| SHOPLISTING scroll labelled ESIAXK UXUTZ (24 gold,
                  | have 14).
   530 | D:1      | 530 ||| SHOPLISTING scroll labelled ILIMAU DA TIFER (24
                  | gold, have 14).
   530 | D:1      | 530 ||| SHOPLISTING scroll labelled PIZXAAP ILIT (24 gold,
                  | have 14).
   530 | D:1      | 530 ||| SHOPLISTING scroll labelled VEORCH USAPRUI (24
                  | gold, have 14).
   530 | D:1      | 530 ||| SHOPLISTING spiked leather armour (168 gold, have
                  | 14).
   700 | D:1      | Found Feufus's Book Shop.
   702 | D:1      | Reached XP level 3. HP: 29/29 MP: 3/3
   939 | D:1      | 939 ||| UPGRADING to +0 ring mail.
   949 | D:1      | 949 ||| DROPPING +0 robe.
   950 | D:1      | 950 ||| UPGRADING to +6 ring of dexterity.
   951 | D:1      | 951 ||| READING scroll labelled ILIMAU DA TIFER.
   954 | D:1      | 954 ||| READING scroll labelled AFIANY PUING.
   955 | D:1      | 955 ||| READING scroll labelled GABREBOKHLONGI.
   956 | D:1      | 956 ||| DROPPING scroll of poison.
  1170 | D:2      | Reached skill level 4 in Ranged Weapons
  1324 | D:2      | Reached skill level 1 in Armour
  1838 | D:2      | 1838 ||| UPGRADING to ring of resist corrosion.
  1839 | D:2      | 1839 ||| READING scroll labelled UKUSTR TETA.
  1840 | D:2      | 1840 ||| READING 2 scrolls labelled PIZXAAP ILIT.
  1841 | D:2      | 1841 ||| DRINKING 3 grey potions.
  1842 | D:2      | 1842 ||| DRINKING 2 dark potions.
  1843 | D:2      | 1843 ||| DRINKING 2 potions of curing.
  1843 | D:2      | 1843 ||| (to cure confusion)
  1844 | D:2      | 1844 ||| DRINKING 2 cyan potions.
  1845 | D:2      | 1845 ||| DRINKING 2 orange potions.
  1846 | D:2      | 1846 ||| DRINKING 2 puce potions.
  1847 | D:2      | 1847 ||| DROPPING potion of ambrosia.
  1921 | D:3      | Reached XP level 4. HP: 36/36 MP: 4/4
  2152 | D:3      | Found Hetholoo's Assorted Antiques.
  2160 | D:3      | 2160 ||| SHOPLISTING dented blue amulet (155 gold, have
                  | 97).
  2160 | D:3      | 2160 ||| SHOPLISTING encrusted coral ring (155 gold, have
                  | 97).
  2160 | D:3      | 2160 ||| BUYING metallic ruby potion (27 gold).
  2160 | D:3      | Bought a metallic ruby potion for 27 gold pieces
  2160 | D:3      | 2160 ||| SHOPLISTING pair of gloves (139 gold, have 70).
  2160 | D:3      | 2160 ||| SHOPLISTING potion of curing (93 gold, have 70).
  2160 | D:3      | 2160 ||| SHOPLISTING runed leather armour (155 gold, have
                  | 70).
  2160 | D:3      | 2160 ||| BUYING scroll labelled ESIAXK UXUTZ (31 gold).
  2160 | D:3      | Bought a scroll labelled ESIAXK UXUTZ for 31 gold pieces
  2160 | D:3      | 2160 ||| BUYING scroll labelled KODOIF FAECW (31 gold).
  2160 | D:3      | Bought a scroll labelled KODOIF FAECW for 31 gold pieces
  2160 | D:3      | 2160 ||| SHOPLISTING scroll of identify (62 gold, have 8).
  2160 | D:3      | 2160 ||| SHOPLISTING shimmering orcbow (263 gold, have 8).
  2160 | D:3      | 2160 ||| SHOPLISTING viscous dark potion (27 gold, have 8).
  2212 | D:3      | HP: 7/36 [gnoll/+0 whip (4)]
  2212 | D:3      | HP: 1/36 [gnoll/+0 spear (3)]
  2213 | D:3      | 2213 ||| READING scroll of teleportation.
  2214 | D:3      | 2214 ||| DRINKING potion of heal wounds.
  2395 | D:3      | 2395 ||| READING scroll labelled VAL OLENAT.
  2399 | D:3      | Found an ancient bone altar of Kikubaaqudgha.
  2403 | D:3      | Reached skill level 5 in Ranged Weapons
  2523 | D:3      | Found an ornate altar of the Wu Jian Council.
  2525 | D:3      | Found an iron altar of Okawaru.
  2526 | D:3      | 2526 ||| PLANNING OKAWARU WORSHIP
  2526 | D:3      | 2526 ||| READING 2 scrolls labelled KODOIF FAECW.
  2527 | D:3      | 2527 ||| READING scroll labelled ESIAXK UXUTZ.
  2528 | D:3      | 2528 ||| DRINKING 2 red potions.
  2529 | D:3      | 2529 ||| READING 2 scrolls of identify.
  2529 | D:3      | 2529 ||| IDENTIFYING metallic ruby potion
  2530 | D:3      | 2530 ||| DROPPING potion of degeneration.
  2531 | D:3      | 2531 ||| DROPPING scroll of blinking.
  2532 | D:3      | 2532 ||| DROPPING potion of lignification.
  2534 | D:3      | Found a white marble altar of Elyvilon.
  2539 | D:3      | Became a worshipper of Warmaster Okawaru
  2540 | D:3      | 2540 ||| PLANNING D:1-11
  2989 | D:4      | Reached XP level 5. HP: 44/44 MP: 5/5
  3128 | D:4      | Reached skill level 3 in Fighting
  3215 | D:4      | Noticed an ogre
  3217 | D:4      | HP: 2/45 [ogre/+0 giant club (26)]
  3218 | D:4      | 3218 ||| READING scroll of teleportation.
  3218 | D:4      | Demolished by an ogre

Levels and vault maps discovered:
D:1:      shiori_arrival_oz, layout_loops_corners, serial_shops, shop,
          nicolae_shop_just_a_little_nook
D:2:      layout_loops_corners, corexii_hall_statues_x, grunt_ministairs_3,
          amethyst_killhole
D:3:      layout_loops_ring, grunt_temple_overflow_open, serial_shops, shop,
          minmay_misc_feat_four_crosses
D:4:      kennysheep_six_static_rooms, layout_basic, biasface_ghost_orc_armoury

Skill      XL: |  1  2  3  4  5 |
---------------+----------------+-----
Ranged Weapons | 3 4 5 |  5.3
Fighting       | 2 3 |  3.0
Armour         | 1 |  1.0
Dodging        | |  2.1
Spellcasting   | |  1.0
Hexes          | |  2.0

Action                     |  1- 3 |  4- 6 || total
---------------------------+-------+-------++-------
   Fire: Sling             |   141 |   103 ||   244
    Use: Potion            |     6 |     2 ||     8
         Scroll            |     5 |     6 ||    11
 Armour: Robe              |     8 |       ||     8
         Ring mail         |     4 |    13 ||    17
  Dodge: Dodged            |    27 |    32 ||    59

Table legend:
 A = Non-vault XP
 B = Vault XP
 C = Vault XP percentage of total XP
 D = Non-vault monster count
 E = Vault monster count
 F = Vault count percentage of total count
                 A         B        C        D         E       F
            +---------+---------+-------+---------+---------+-------
      Total |     234 |      13 |   5.3 |      70 |       6 |   7.9
            +---------+---------+-------+---------+---------+-------
        D:1 |      50 |       3 |   5.7 |      30 |       2 |   6.2
        D:2 |      40 |       3 |   7.0 |      18 |       2 |  10.0
        D:3 |      73 |       0 |   0.0 |      14 |       0 |   0.0
        D:4 |      71 |       7 |   9.0 |       8 |       2 |  20.0
            +---------+---------+-------+---------+---------+-------
